 Dungeon Crawl Stone Soup version 0.19.1 (webtiles) character file.

56 mmcf the Insei (level 3, -2/26 HPs)
             Began as a Merfolk Transmuter on Dec 3, 2016.
             Slain by an adder (4 damage)
             ... on level 2 of the Dungeon.
             The game lasted 00:03:41 (1688 turns).

mmcf the Insei (Merfolk Transmuter)                 Turns: 1688, Time: 00:03:42

Health: -2/26      AC:  2    Str: 10    XL:     3   Next: 95%
Magic:  5/6        EV: 14    Int: 18    God:
Gold:   72         SH:  0    Dex: 14    Spells: 3 memorised, 0 levels left

rFire  . . .     SeeInvis .       - Unarmed
rCold  . . .     Gourm    .     b - +0 robe
rNeg   . . .     Faith    .     (no shield)
rPois  .         Spirit   .     (no helmet)
rElec  .         Reflect  .     (no cloak)
rCorr  .         Harm     .     (no gloves)
MR     .....                    (no boots)
Stlth  +.........               (no amulet)
                                (no ring)
                                m - ring of wizardry

@: brilliant, lethally poisoned (-2 -> -5), appendage (expiring)
A: change form in water, swift swim, stealthy swim, horns 2
a: End Transformation


You were on level 2 of the Dungeon.
You were hungry.
You had grown temporary horns.
You visited 1 branch of the dungeon, and saw 3 of its levels.

You collected 72 gold pieces.

Inventory:

Hand Weapons
 a - a +0 hunting sling
 e - a +0 spear
Missiles
 h - 45 stones (quivered)
 j - 12 arrows
Armour
 b - a +0 robe (worn)
Jewellery
 m - a ring of wizardry (left hand)
 p - an uncursed amulet of faith {unknown}
Scrolls
 g - a scroll of identify {unknown}
 l - a scroll of teleportation {unknown}
Potions
 o - a potion of agility {unknown}
 q - a potion of curing {unknown}
Books
 c - a book of Changes

   Spells                             Type                      Level
   a - Beastly Appendage              Transmutation                1
   b - Sticks to Snakes               Transmutation                2
   c - Spider Form                    Transmutation/Poison         3
   d - Ice Form                       Ice/Transmutation            4
   e - Blade Hands                    Transmutation                5
Comestibles
 d - a bread ration
 f - 3 fruits
 k - 3 chunks of flesh
 n - a royal jelly


   Skills:
 - Level 1.1 Fighting
 - Level 4.0 Dodging
 * Level 4.2 Unarmed Combat
 - Level 2.0 Spellcasting
 + Level 3.1 Transmutations


You couldn't memorise any spells.
You knew the following spells:

 Your Spells              Type           Power        Failure   Level  Hunger
a - Beastly Appendage     Tmut           ###...       1%          1    #......
b - Sticks to Snakes      Tmut           ###.....     1%          2    ###....
c - Spider Form           Tmut/Pois      ###.......   3%          3    ###....


Dungeon Overview and Level Annotations

Branches:
Dungeon (3/15)

Altars:
Fedhas


Innate Abilities, Weirdness & Mutations

You revert to your normal form in water.
You are very nimble and swift while swimming.
You are very stealthy in the water. (Stealth+)
You have a pair of horns on your head.


Message History

The adder is moderately wounded.
You feel sick. The adder bites you.
You closely miss the adder.
The adder is moderately wounded.
The adder bites you.
Unknown command.
You miss the adder.
The adder is moderately wounded.
You feel sick. The adder bites you.
* * * LOW HITPOINT WARNING * * *
You hit the adder. Your headbutt misses the adder.
The adder is severely wounded.
The adder bites you.
* * * LOW HITPOINT WARNING * * *
The adder closely misses you.
It was a potion of brilliance.
You feel clever all of a sudden.
* * * LOW HITPOINT WARNING * * *
You feel sick. The adder bites you.
You die...

####### ## .. #.....#
..# .. .. .. #....(# ...
.. #. # #.....# #.####.
.. #.....### #.. ...
.### ####..#.# #.#
#.##... .# ##.#<# ##.#
#..#.#.[.# #.#.#
####..#####.w..# #...#
#.....@.##S.#.....$.
##..#
#...###S##.##...b...
#..###.>.# #b...#
...#... ######..##....#
##w>## #### ..
.....#..##....###...####
.
.....#..##....#.........
.....#............#..###
.....#รท.).........##.#
........<...###.#..[.#


You could see a worm, an adder and a bat.

Vanquished Creatures
  An adder (D:2)
  A dart slug (D:1)
  A leopard gecko (D:1)
  4 bats
  5 hobgoblins
  4 jackals (D:1)
  2 quokkas (D:2)
  A frilled lizard (D:1)
  9 goblins
  4 kobolds
  7 rats (D:1)
39 creatures vanquished.

Notes
Turn   | Place    | Note
-------+----------+-------------------------------------------
     0 | D:1      | mmcf the Merfolk Transmuter began the quest for the Orb.
     0 | D:1      | Reached XP level 1. HP: 15/15 MP: 3/3
   207 | D:1      | Reached XP level 2. HP: 21/21 MP: 5/5
   213 | D:1      | Learned a level 2 spell: Sticks to Snakes
   672 | D:1      | Reached XP level 3. HP: 23/26 MP: 6/6
  1058 | D:1      | Learned a level 3 spell: Spider Form
  1655 | D:3      | Found a blossoming altar of Fedhas.
  1688 | D:2      | Slain by an adder

Skill      XL: |  1  2  3 |
---------------+----------+-----
Dodging        | 3 4 |  4.0
Unarmed Combat | 4 |  4.2
Transmutations | 3 |  3.1
Fighting       | |  1.1
Spellcasting   | |  2.0

Action                   || total
-------------------------++-------
Melee: Unarmed           ||   136
       Headbutt          ||     1
       Punch             ||     1
 Cast: Beastly Appendage ||     3
  Use: Potion            ||     1
 Stab: Sleeping          ||     2
  Eat: Chunk             ||     2
Armor: Robe              ||    20
Dodge: Dodged            ||   112
